 Dungeon Crawl Stone Soup version 0.27.1-33-g824d729ab1 (webtiles) character file.

Game seed: 10020285109462365299

502 MisterFreud the Covert (level 7, -4/59 HPs)
             Began as a Gnoll Wanderer on Dec 22, 2021.
             Was a Follower of Ashenzari.
             Slain by a sky beast (5 damage)
             ... on level 5 of the Dungeon.
             The game lasted 00:06:18 (5105 turns).

MisterFreud the Covert (Gnoll Wanderer)             Turns: 5105, Time: 00:06:18

Health: -4/59      AC:  3    Str: 16    XL:     7   Next: 17%
Magic:  12/12      EV: 13    Int: 14    God:    Ashenzari [*.....]
Gold:   86         SH:  0    Dex: 12    Spells: 13/13 levels left

rFire    . . .     SeeInvis .   a - +2 spear "Vision of the Sky" {Self, Elem} (curse)
rCold    . . .     Faith    .   (no shield)
rNeg     . . .     Spirit   .   c - +1 robe
rPois    .         Reflect  .   (no helmet)
rElec    .         Harm     .   (no cloak)
rCorr    .         Rampage  .   (no gloves)
Will     +....                  (no boots)
Stlth    ++++......             (no amulet)
HPRegen  0.19/turn              u - ring of the Ensconced Apathy {Will+, Self, Melee} (curse)
MPRegen  0.13/turn              q - +6 ring of strength

@: no status effects
A: fangs 1, strong nose, distributed training
a: Renounce Religion, Shatter the Chains


You were on level 5 of the Dungeon.
You worshipped Ashenzari.
Ashenzari was aware of your devotion.
You visited 1 branch of the dungeon, and saw 5 of its levels.

You collected 158 gold pieces.
You spent 72 gold pieces at shops.

Inventory:

Hand Weapons
 a - the cursed +2 spear "Vision of the Sky" (weapon) {Self, Elem}

   It has a curse which improves the following skills: Introspection: Fighting
   and Spellcasting.
   Elements:  Fire Magic, Ice Magic, Air Magic and Earth Magic.
 d - a +0 dagger
Missiles
 k - 17 poisoned darts (quivered)
Armour
 c - a +1 robe (worn)
Jewellery
 q - a +6 ring of strength (right hand)
 u - the cursed ring of the Ensconced Apathy (left hand) {Will+, Self, Melee}
   (You took it off a hobgoblin on level 4 of the Dungeon)

   [ring of willpower]

   Will:      It increases your willpower.
   It has a curse which improves the following skills: Introspection: Fighting
   and Spellcasting.
   Melee Combat: Short Blades, Long Blades, Axes, Maces & Flails, Polearms,
   Staves and Unarmed Combat.
Scrolls
 e - 3 scrolls of enchant armour
 f - a scroll of amnesia
 l - a scroll of fog
 m - 2 scrolls of teleportation
 t - a scroll of brand weapon
Potions
 b - 3 potions of lignification
 g - 3 potions of degeneration
 h - a potion of flight
 i - a potion of magic
 j - 2 potions of haste
 n - 2 potions of might
 o - 2 potions of curing
 p - a potion of heal wounds
 r - a potion of mutation
 s - 2 potions of invisibility


   Skills:
 + Level 5.1(6.7) Fighting
 + Level 2.3(3.1) Short Blades
 + Level 2.3(3.1) Long Blades
 + Level 2.3(3.1) Axes
 + Level 2.3(3.1) Maces & Flails
 + Level 5.1(6.1) Polearms
 + Level 2.3(3.1) Staves
 + Level 2.3 Slings
 + Level 2.3 Bows
 + Level 2.3 Crossbows
 + Level 3.5 Throwing
 + Level 2.3 Armour
 + Level 3.5 Dodging
 + Level 8.1 Stealth
 + Level 2.3 Shields
 + Level 2.3(3.1) Unarmed Combat
 + Level 2.3(3.6) Spellcasting
 + Level 1.9 Conjurations
 + Level 1.9 Hexes
 + Level 1.9 Summonings
 + Level 1.9 Necromancy
 + Level 1.9 Translocations
 + Level 1.9 Transmutations
 + Level 1.9(2.6) Fire Magic
 + Level 1.9(2.6) Ice Magic
 + Level 1.9(2.6) Air Magic
 + Level 1.9(2.6) Earth Magic
 + Level 1.9 Poison Magic
 + Level 2.5 Invocations
 + Level 2.3 Evocations


You had 13 spell levels left.
You didn't know any spells.
Your spell library contained the following spells:

 Spells                   Type           Power      Damage    Failure   Level
 Sublimation of Blood     Necr           3%         N/A       14%         2
 Wereblood                Tmut           7%         N/A       14%         2
 Summon Hydra             Summ           3%         N/A       100%        7


Dungeon Overview and Level Annotations

Branches:
Dungeon (5/15)
 Temple: D:4-7

Altars:
Ashenzari

Shops:
D:4 ?

Annotations:
D:2 1 runed translucent door, Crazy Yiuf
D:4 1 runed translucent door, Jazqba's ghost, amateur HOFE


Innate Abilities, Weirdness & Mutations

You have very sharp teeth.
Your uncanny sense of smell can sniff out nearby items.
Your experience applies equally to all skills.


Message History

You miss the sky beast.
The sky beast is moderately wounded.
The sky beast flickers out of sight!
Deactivating autopickup; reactivate with Ctrl-A.
Something barely misses you.
You closely miss something. Something hits you. Something shocks you.
You closely miss something. Something hits you. Something shocks you.
You hit something. You bite something. You miss something. You bite something.
Something hits you but does no damage.
You barely miss something. Your punch misses something. You bite something.
Something hits you but does no damage.
You puncture something! Something hits you. Something shocks you.
You hit something. Something hits you.
* * * LOW HITPOINT WARNING * * *
Something shocks you.
* * * LOW HITPOINT WARNING * * *
You barely miss something. Your bite misses something.
You closely miss something.
A sky beast appears from thin air!
Reactivating autopickup.
The sky beast closely misses you.
You hit the sky beast.
The sky beast is almost dead.
The sky beast completely misses you.
You closely miss the sky beast. Your bite misses the sky beast.
The sky beast is almost dead.
The sky beast hits you.
* * * LOW HITPOINT WARNING * * *
The sky beast shocks you.
* * * LOW HITPOINT WARNING * * *
You hit the sky beast.
The sky beast is almost dead.
The sky beast misses you.
You closely miss the sky beast.
The sky beast is almost dead.
You barely miss the sky beast.
The sky beast is almost dead.
The sky beast hits you.
* * * LOW HITPOINT WARNING * * *
The sky beast shocks you.
You die...

##'#####.###
#.##.#.#
...# #.#
#.##.#.#####
...# #.#
#.##.#.#...#
...# #.#
#.##...#.#.#
...# #.#
#.##.#.....#
...# #^#
#.##.#.#.###
..(# #.#
#.##.#.#.#
...# #.#
#.##.....#
...#
#@#....###
####
#Y#.#### #
#.#.# #
#.#.##### #
#.#.....####
..#####..[<#
#..# #..###
#..# #....#
#[?# ##.#.#


You could see a sky beast.

Vanquished Creatures
  A necrophage (D:5)
  An ogre (D:5)
  A water moccasin skeleton (D:4)
  A hound (D:5)
  A centaur skeleton (D:5)
  Jessica (D:2)
  Ijyb (D:4)
  4 adders (D:4)
  A white imp (D:5)
  2 adder skeletons (D:4)
  2 worms
  4 dart slugs
  3 orcs (D:4)
  9 endoplasms
  7 giant cockroaches
  9 goblins
  6 hobgoblins
  8 jackals
  4 quokkas
  6 ball pythons
  17 frilled lizards
  10 kobolds
  11 rats
110 creatures vanquished.

Vanquished Creatures (others)
  6 plants (D:1)
6 creatures vanquished.

Grand Total: 116 creatures vanquished

Notes
Turn   | Place    | Note
-------+----------+-------------------------------------------
     0 | D:1      | MisterFreud the Gnoll Wanderer began the quest for the Orb.
     0 | D:1      | MisterFreud set off with the following items: a +2 spear, 2
                  | potions of lignification, a +0 robe, a +0 dagger
     0 | D:1      | Reached XP level 1. HP: 20/20 MP: 1/1
    30 | D:1      | Reached XP level 2. HP: 15/26 MP: 2/2
   282 | D:1      | You fall into a shaft and drop 1 floor!
   569 | D:1      | Reached XP level 3. HP: 31/31 MP: 3/3
   688 | D:2      | Noticed Jessica
   700 | D:2      | Killed Jessica
   701 | D:2      | Reached skill level 1 in Short Blades
   701 | D:2      | Reached skill level 1 in Long Blades
   701 | D:2      | Reached skill level 1 in Axes
   701 | D:2      | Reached skill level 1 in Maces & Flails
   701 | D:2      | Reached skill level 1 in Staves
   701 | D:2      | Reached skill level 1 in Slings
   701 | D:2      | Reached skill level 1 in Bows
   701 | D:2      | Reached skill level 1 in Crossbows
   701 | D:2      | Reached skill level 1 in Armour
   701 | D:2      | Reached skill level 1 in Shields
   701 | D:2      | Reached skill level 1 in Unarmed Combat
   701 | D:2      | Reached skill level 1 in Spellcasting
   701 | D:2      | Reached skill level 1 in Invocations
   701 | D:2      | Reached skill level 1 in Evocations
   836 | D:2      | Reached XP level 4. HP: 38/38 MP: 5/5
  1036 | D:1      | Found a faded altar of an unknown god.
  1171 | D:1      | Reached skill level 1 in Conjurations
  1171 | D:1      | Reached skill level 1 in Hexes
  1171 | D:1      | Reached skill level 1 in Summonings
  1171 | D:1      | Reached skill level 1 in Necromancy
  1171 | D:1      | Reached skill level 1 in Translocations
  1171 | D:1      | Reached skill level 1 in Transmutations
  1171 | D:1      | Reached skill level 1 in Fire Magic
  1171 | D:1      | Reached skill level 1 in Ice Magic
  1171 | D:1      | Reached skill level 1 in Air Magic
  1171 | D:1      | Reached skill level 1 in Earth Magic
  1171 | D:1      | Reached skill level 1 in Poison Magic
  1793 | D:2      | Found a runed translucent door.
  1794 | D:2      | Noticed Crazy Yiuf
  2658 | D:4      | Reached XP level 5. HP: 41/43 MP: 6/6
  3205 | D:4      | Found a runed translucent door.
  3208 | D:4      | Found Ceniskit's Magic Scroll Boutique.
  3208 | D:4      | Noticed Jazqba's ghost (amateur HOFE)
  3292 | D:1      | Became a worshipper of Ashenzari the Shackled
  3470 | D:4      | Bought a scroll of teleportation for 36 gold pieces
  3470 | D:4      | Bought a scroll of teleportation for 36 gold pieces
  3568 | D:4      | Reached skill level 8 in Stealth
  3799 | D:4      | Reached XP level 6. HP: 51/51 MP: 9/9
  3994 | D:4      | Noticed Ijyb
  4013 | D:4      | Reached * piety under Ashenzari
  4172 | D:4      | Killed Ijyb
  4513 | D:5      | Entered Level 5 of the Dungeon
  4513 | D:5      | Noticed a sky beast
  4513 | D:5      | Noticed an orc warrior
  4592 | D:5      | Reached skill level 5 in Fighting
  4592 | D:5      | Reached skill level 5 in Polearms
  4822 | D:5      | Noticed a necrophage
  4841 | D:5      | Killed a necrophage
  4842 | D:5      | Reached XP level 7. HP: 42/59 MP: 12/12
  5105 | D:5      | HP: 1/59 [sky beast (4)]
  5105 | D:5      | Slain by a sky beast

Illustrated notes

Levels and vault maps discovered:
D:1:      eino_arrival_water_cross, layout_rooms,
          shapermc_ecumenical_altar_totnotflames, moated_statue,
          minmay_lizard_king
D:2:      layout_loops_ring, hangedman_decor_points, dk_vineyard_3,
          kennysheep_generic_room_8, uniq_crazy_yiuf_cottage, uniq_jessica
D:3:      layout_rooms, grunt_ministairs_10
D:4:      layout_loops_ring, serial_shops,
          nicolae_shop_temple_entry_statues_fountains,
          hellmonk_ghost_happy_afterlife, serial_co_window_serial,
          co_window_of_opportunity_a, co_window_corner_a, co_window_paths_a,
          co_window_of_opportunity_a, co_window_paths_a, co_window_paths_a,
          co_window_2corner, co_window_of_opportunity_c, co_window_cross_4,
          co_window_broadway_a, co_window_4corner_a, co_window_4corner_b,
          glass_columns_a, uniq_ijyb
D:5:      layout_basic, dk_rats_in_the_wall

Skill      XL: |  1  2  3  4  5  6 |
---------------+-------------------+-----
Short Blades   | 1 2 |  2.3
Long Blades    | 1 2 |  2.3
Axes           | 1 2 |  2.3
Maces & Flails | 1 2 |  2.3
Staves         | 1 2 |  2.3
Slings         | 1 2 |  2.3
Bows           | 1 2 |  2.3
Crossbows      | 1 2 |  2.3
Armour         | 1 2 |  2.3
Shields        | 1 2 |  2.3
Unarmed Combat | 1 2 |  2.3
Spellcasting   | 1 2 |  2.3
Invocations    | 1 2 |  2.5
Evocations     | 1 2 |  2.3
Conjurations   | 1 |  1.9
Hexes          | 1 |  1.9
Summonings     | 1 |  1.9
Necromancy     | 1 |  1.9
Translocations | 1 |  1.9
Transmutations | 1 |  1.9
Fire Magic     | 1 |  1.9
Ice Magic      | 1 |  1.9
Air Magic      | 1 |  1.9
Earth Magic    | 1 |  1.9
Poison Magic   | 1 |  1.9
Throwing       | 3 |  3.5
Dodging        | 3 |  3.5
Stealth        | 8 |  8.1
Fighting       | 5 |  5.1
Polearms       | 5 |  5.1

Action                   |  1- 3 |  4- 6 |  7- 9 || total
-------------------------+-------+-------+-------++-------
Melee: Spear             |    81 |   296 |    20 ||   397
       Bite              |     5 |    13 |     3 ||    21
Invok: Curse Item        |       |     2 |       ||     2
  Use: Scroll            |     1 |       |       ||     1
       Potion            |       |     1 |       ||     1
 Stab: Sleeping          |    10 |    19 |       ||    29
       Invisible         |       |     2 |       ||     2
Armor: Robe              |    11 |    44 |     3 ||    58
Dodge: Dodged            |    29 |   107 |     6 ||   142
